 Dungeon Sprint DCSS version 0.27.1-34-g3ba077fa99 (webtiles) character file.

Game seed: 12387672734943320495

28 boopmooplesden the Covered (level 2, -2/29 HPs)
             Began as a Minotaur Fighter on Jan 12, 2022.
             Was an Initiate of Okawaru.
             Slain by an orc warrior (10 damage)
             ... in the Dungeon (Sprint VII: "The Pits").
             The game lasted 00:00:43 (98 turns).

boopmooplesden the Covered (Minotaur Fighter)         Turns: 98, Time: 00:00:44

Health: -2/29      AC:  7    Str: 20    XL:     2   Next: 96%
Magic:  1/1        EV:  7    Int:  5    God:    Okawaru [......]
Gold:   0          SH:  9    Dex:  9    Spells: 1/1 levels left

rFire    . . .     SeeInvis .   k - +2 mace
rCold    . . .     Faith    .   c - +0 kite shield
rNeg     . . .     Spirit   .   b - +0 scale mail
rPois    .         Reflect  .   (helmet restricted)
rElec    .         Harm     .   (no cloak)
rCorr    .         Rampage  .   (no gloves)
Will     .....     NoTele   +   (no boots)
Stlth    ..........             (no amulet)
HPRegen  0.09/turn              (no ring)
MPRegen  0.07/turn              (no ring)

@: mighty
A: horns 2, retaliatory headbutt
a: Renounce Religion


You were in the Dungeon.
You worshipped Okawaru.
Okawaru was noncommittal.
You visited 1 branch

Inventory:

Hand Weapons
 a - a +0 flail
 k - a +2 mace (weapon)
Armour
 b - a +0 scale mail (worn)
 c - a +0 kite shield (worn)
Scrolls
 j - a scroll of blinking
 m - 5 scrolls of amnesia
 n - a scroll of summoning
Potions
 e - a potion of curing
 f - a potion of heal wounds
 g - a potion of haste
 h - 4 potions of magic
 i - 3 potions of berserk rage
 l - 2 potions of invisibility


   Skills:
 + Level 5.2 Fighting
 + Level 3.0 Maces & Flails
 + Level 5.4 Armour
 + Level 0.1 Dodging
 + Level 5.4 Shields


You had one spell level left.
You didn't know any spells.
Your spell library was empty.

Dungeon Overview and Level Annotations

Branches:
Dungeon (1/1)

Altars:
Ashenzari
Cheibriados
Dithmenos
Elyvilon
Fedhas
Gozag
Hepliaklqana
Kikubaaqudgha
Makhleb
Nemelex Xobeh
Okawaru
Qazlal
Ru
Sif Muna
Trog
Uskayaw
Vehumet
Wu Jian
Xom
Yredelemnul
Zin
The Shining One
Beogh
Jiyva
Lugonu


Innate Abilities, Weirdness & Mutations

You have a pair of horns on your head.
You reflexively headbutt those who attack you in melee.


Message History

Your Fighting skill increases to level 5!
Your Maces & Flails skill increases to level 3!
There is an open door here.
You open the door.
A frilled lizard and 2 orc wizards come into view.
An orc wizard is wielding a +0 dagger and wearing a +1 robe of the Archmagi.
The orc wizard shouts! x2; You hear a shout! x3
An orc wizard comes into view. It is wielding a +0 dagger.
A hobgoblin comes into view.
An orc warrior comes into view. It is wielding a +0 hand axe.
The orc warrior shouts!
There is an open door here.
There is an open door, spattered with blood here.
You see here a +0 club.
You feel very mighty all of a sudden. The frilled lizard barely misses you.
You furiously retaliate!
You headbutt the frilled lizard!
You kill the frilled lizard!
Okawaru accepts your kill.
The orc wizard mumbles some strange words.
The orc wizard flickers and vanishes!
Deactivating autopickup; reactivate with Ctrl-A.
You see here a frilled lizard corpse.
You hit something. Something hits you but does no damage.
You completely miss something. Your headbutt misses something.
Something hits you but does no damage.
You sock the orc warrior!
The orc warrior is moderately wounded.
Your shield and scale mail prevent you from hitting the orc warrior.
The orc warrior is moderately wounded.
The orc warrior hits you with a +0 hand axe!
* * * LOW HITPOINT WARNING * * *
The orc warrior closely misses you.
You barely miss the orc warrior. You headbutt the orc warrior.
The orc warrior is moderately wounded.
The orc warrior hits you but does no damage.
You closely miss the orc warrior.
The orc warrior is moderately wounded.
The orc warrior hits you with a +0 hand axe!
You die...

#_________.#
#_________.#
#_______...###########++
##########'##...........
#.?(.')))'.##......#..#
##########.##..........
#...........'...........
#+#####)#####......#..#.
#...#@# #...........
#...#o# ####'#####+
#...'.# #.......#
##o#### #.......# #...
#.......# #.o..
#...<...# #.o..o
#.......# #....go
#.......# ########
#.......#


You could see an orc warrior.

Vanquished Creatures
  2 adders (D)
  An ufetubus (D)
  A giant cockroach (D)
  A goblin (D)
  A frilled lizard (D)
6 creatures vanquished.

Notes
Turn   | Place    | Note
-------+----------+-------------------------------------------
     0 | D        | boopmooplesden the Minotaur Fighter began the quest for the
                  | Orb.
     0 | D        | Reached XP level 1. HP: 19/19 MP: 0/0
    39 | D        | Found a glowing golden altar of the Shining One.
    39 | D        | Found a glowing silver altar of Zin.
    39 | D        | Found a basalt altar of Yredelemnul.
    39 | D        | Found a shimmering altar of Xom.
    39 | D        | Found an ornate altar of the Wu Jian Council.
    39 | D        | Found a bloodstained altar of Trog.
    39 | D        | Found a shimmering blue altar of Sif Muna.
    39 | D        | Found a sacrificial altar of Ru.
    39 | D        | Found a stormy altar of Qazlal.
    39 | D        | Found an iron altar of Okawaru.
    39 | D        | Found a sparkling altar of Nemelex Xobeh.
    39 | D        | Found a burning altar of Makhleb.
    39 | D        | Found a viscous altar of Jiyva.
    39 | D        | Found a hazy altar of Hepliaklqana.
    39 | D        | Found an opulent altar of Gozag.
    39 | D        | Found a blossoming altar of Fedhas.
    39 | D        | Found a white marble altar of Elyvilon.
    39 | D        | Found a shadowy altar of Dithmenos.
    39 | D        | Found a snail-covered altar of Cheibriados.
    40 | D        | Found a radiant altar of Vehumet.
    40 | D        | Found a corrupted altar of Lugonu.
    41 | D        | Found a hide-covered altar of Uskayaw.
    41 | D        | Found an ancient bone altar of Kikubaaqudgha.
    41 | D        | Found a broken altar of Ashenzari.
    49 | D        | Became a worshipper of Warmaster Okawaru
    64 | D        | Reached XP level 2. HP: 28/28 MP: 1/1
    74 | D        | Reached skill level 5 in Armour
    74 | D        | Reached skill level 5 in Shields
    82 | D        | Reached skill level 5 in Fighting
    85 | D        | Noticed an orc warrior
    98 | D        | Slain by an orc warrior

Illustrated notes

Levels and vault maps discovered:
D:        pitsprint [storerooms_1, entrance_room_1, metal_vault_7, armoury_1,
          mini_pit_1, grid_room_1, main_hall_1, silver_pit, the_coven_2,
          the_vestibule_1, steel_vault_1, golden_pit, hallway_of_sentries,
          crystal_vault_2, iron_vault_2, final_vault]

Skill      XL: |  1  2 |
---------------+-------+-----
Fighting       | 4 5 |  5.2
Armour         | 4 5 |  5.4
Shields        | 4 5 |  5.4
Maces & Flails | 3 |  3.0
Dodging        | |  0.1

Action                   || total
-------------------------++-------
Melee: Mace              ||    21
       Flail             ||     2
       Headbutt          ||     3
  Use: Potion            ||     1
Armor: Scale mail        ||    13
Dodge: Dodged            ||    12
Block: Kite shield       ||    13
